[Event "Team 45 45 League T30"]
[Site "Internet Chess Club"]
[Date "2006.04.17"]
[Round "4"]
[White "fledermaus"]
[Black "JohnnySP"]
[Result "1-0"]
[WhiteElo "2055"]
[BlackElo "1749"]
[TimeControl "2700+45"]

1. e4 e5 2. Nc3 Nf6 3. f4 d5 4. fxe5 Nxe4 5. Nf3 Be7 6. Qe2 Nxc3 7. dxc3 O-O 8.
Bf4 c5 9. g3 Nc6 10. Bg2 Be6 11. O-O h6 12. Rad1 Qc7 13. Rde1 Rad8 14. Bc1 a6
15. Nh4 Qd7 16. Qf2 d4 17. Nf5 Bc4 18. Qf3 Bxf1 19. Bxf1 Qd5 20. Qg4 Bg5 21.
Bxg5 hxg5 22. Qxg5 g6 23. b3 Nxe5 24. Rxe5 Qf3 25. Be2 Qxc3 26. Bd3 Rde8 27.
Ne7+ Kg7 28. Nf5+ Kg8 29. Qf6 gxf5 30. Qxf5 Rxe5 31. Qh7# {Black checkmated} 1-0
 aics%

[Event "Team 45 45 League T30"]
[Site "Internet Chess Club"]
[Date "2006.04.20"]
[Round "4"]
[White "martineden"]
[Black "Winclick"]
[Result "1-0"]
[WhiteElo "1885"]
[BlackElo "1744"]
[TimeControl "2700+45"]

1. d4 Nf6 2. c4 e6 3. Nf3 Bb4+ 4. Bd2 Qe7 5. g3 Nc6 6. Bg2 Bxd2+ 7. Nbxd2 O-O 8.
e4 d6 9. O-O e5 10. d5 Nb8 11. b4 a5 12. a3 Na6 13. Nb3 Nxe4 14. Nxa5 f5 15. Qe1
Nb8 16. Qe3 b6 17. Nb3 Na6 18. Rfe1 Bd7 19. Nh4 Ng5 20. b5 Nc5 21. Nxc5 bxc5 22.
a4 Ra5 23. f4 Nf7 24. fxe5 dxe5 25. Qc3 Ra7 26. Nf3 e4 27. a5 Qd6 28. Nd2 Ne5
29. Bf1 h5 30. Be2 Rf6 31. Bxh5 Rh6 32. Be2 Be8 33. b6 cxb6 34. axb6 Rb7 35. Ra8
Rb8 36. Rea1 Kh7 37. b7 Qc7 38. Rxb8 Qxb8 39. Ra8 Qxb7 40. Rxe8 Nd7 41. Re7 Rg6
42. Bh5 Rg5 43. h4 Rxg3+ 44. Qxg3 {Black resigns} 1-0  aics%

[Event "Team 45 45 League T30"]
[Site "Internet Chess Club"]
[Date "2006.04.15"]
[Round "4"]
[White "pokerram"]
[Black "bmw2002"]
[Result "1-0"]
[WhiteElo "1687"]
[BlackElo "1574"]
[TimeControl "2700+45"]

1. e4 c6 2. Nc3 d5 3. Nf3 dxe4 4. Nxe4 Bf5 5. Ng3 Bg6 6. h4 h6 7. Ne5 Bh7 8. Qh5
g6 9. Qf3 Qd5 10. Qxd5 cxd5 11. Bb5+ Nc6 12. Nxc6 e6 13. Ne5+ Ke7 14. b3 f6 15.
Ba3+ {Black resigns} 1-0  aics%

[Event "Team 45 45 League T30"]
[Site "Internet Chess Club"]
[Date "2006.04.19"]
[Round "4"]
[White "DavidBarnsley"]
[Black "andy4226uk"]
[Result "1-0"]
[WhiteElo "2030"]
[BlackElo "1784"]
[TimeControl "2700+45"]

1. e4 c5 2. Nc3 Nc6 3. g3 g6 4. Bg2 Bg7 5. d3 d6 6. Be3 Nf6 7. Nge2 O-O 8. h3 a6
9. O-O Bd7 10. Qd2 Re8 11. Bh6 Bh8 12. f4 e6 13. g4 Qc8 14. Ng3 Nd4 15. Nd1 Bc6
16. c3 Nb5 17. Ne3 d5 18. e5 Nd7 19. d4 cxd4 20. cxd4 f6 21. Rac1 Qd8 22. Kh2
Qb6 23. Ne2 Bg7 24. Bxg7 Kxg7 25. f5 exf5 26. gxf5 fxe5 27. fxg6 hxg6 28. Nf5+
gxf5 29. Qg5+ Kh8 30. Rxf5 Rg8 31. Qh6# {Black checkmated} 1-0  aics%

[Event "Team 45 45 League T30"]
[Site "Internet Chess Club"]
[Date "2006.04.18"]
[Round "4"]
[White "Slop"]
[Black "MrShaw"]
[Result "1-0"]
[WhiteElo "1809"]
[BlackElo "1722"]
[TimeControl "2700+45"]

1. e4 e6 2. d4 d5 3. e5 c5 4. c3 Nc6 5. Nf3 Qb6 6. Bd3 Bd7 7. O-O cxd4 8. cxd4
Nxd4 9. Nxd4 Qxd4 10. Nc3 a6 11. Re1 Ne7 12. g3 Nc6 13. Be3 Qb4 14. Bd2 Qa5 15.
a3 Be7 16. Qg4 O-O-O 17. b4 Qb6 18. Rab1 h5 19. Qe2 Nd4 20. Qd1 h4 21. Be3 hxg3
22. hxg3 Bc6 23. b5 axb5 24. Nxb5 Nf3+ 25. Qxf3 d4 26. Be4 Bxb5 27. Rec1+ Kb8
28. a4 dxe3 29. Rxb5 exf2+ 30. Qxf2 Qxf2+ 31. Kxf2 Rd2+ 32. Kf3 Rd7 33. Rcb1 Re8
34. Rxb7+ Rxb7 35. Rxb7+ Kc8 36. Ra7 Ba3 37. Ra8+ Kd7 38. Bc6+ Kxc6 39. Rxe8 Kd5
40. a5 Kxe5 41. a6 Bc5 42. Rc8 Bd4 43. Rc7 Kf6 44. a7 Bxa7 45. Rxa7 Kg6 46. g4
f6 47. Re7 e5 48. Ke4 {Black resigns} 1-0  aics%

[Event "Team 45 45 League T30"]
[Site "Internet Chess Club"]
[Date "2006.04.14"]
[Round "4"]
[White "boozehound"]
[Black "RingLord"]
[Result "1/2-1/2"]
[WhiteElo "1586"]
[BlackElo "1636"]
[TimeControl "2700+45"]

1. e4 c5 2. c4 g6 3. Nc3 e6 4. g3 Nc6 5. Nge2 Bg7 6. Bg2 Nge7 7. O-O O-O 8. d3
Nd4 9. Bf4 e5 10. Bg5 f6 11. Bd2 Nec6 12. Nxd4 cxd4 13. Nd5 Ne7 14. Nxe7+ Qxe7
15. a3 a5 16. b4 b6 17. Qb3 d6 18. f4 Be6 19. f5 Bf7 20. Rac1 Rfc8 21. fxg6 hxg6
22. Bh3 Rc7 23. b5 Rf8 24. a4 Kh7 25. Qd1 Bh6 26. Bxh6 Kxh6 27. Qg4 Kg7 28. Rf2
Be8 29. Rcf1 Bd7 30. Rf5 Bxf5 31. exf5 g5 32. Bg2 Rh8 33. h4 Kf8 34. h5 Rh6 35.
Qe2 Qh7 36. g4 Rc5 37. Qf2 Qd7 38. Qe2 Rh7 39. Be4 d5 40. Bxd5 Rxd5 41. cxd5
Qxd5 42. Qf3 Qxf3 43. Rxf3 Rc7 44. h6 Rh7 45. Rh3 Ke7 46. Kf2 Kd6 47. Kf3 Kd5
48. Rh1 Rh8 49. h7 Kd6 50. Ke4 Ke7 51. Kd5 Kd7 52. Rh6 {Game drawn by mutual
agreement} 1/2-1/2  aics%

[Event "Team 45 45 League T30"]
[Site "Internet Chess Club"]
[Date "2006.04.17"]
[Round "4"]
[White "Knightstorm57"]
[Black "achessman"]
[Result "0-1"]
[WhiteElo "1934"]
[BlackElo "2027"]
[TimeControl "2700+45"]

1. c4 c6 2. g3 Nf6 3. Bg2 d5 4. Nf3 g6 5. b3 Bg7 6. Bb2 O-O 7. O-O Bf5 8. d3
dxc4 9. bxc4 Qc8 10. Qb3 Na6 11. e4 Be6 12. Ng5 Nc5 13. Qc2 Rd8 14. d4 h6 15.
Nxe6 Nxe6 16. Rd1 Ne8 17. d5 cxd5 18. Bxg7 N8xg7 19. exd5 Nc5 20. Na3 Qf5 21.
Qe2 Rd7 22. Qe3 Na4 23. Qxh6 Rc7 24. Rd4 Qe5 25. Qf4 Qxf4 26. Rxf4 a6 27. Re1
Nf5 28. g4 Nd6 29. h4 Nb2 30. Bf1 Rac8 31. Re3 Na4 32. h5 g5 33. Rd4 f6 34. Rd2
Kf7 35. Bd3 Nb6 36. Rde2 Na4 37. Bg6+ Kf8 38. f3 Rd7 39. Bc2 Nb6 40. Bb3 a5 41.
h6 Kf7 42. h7 a4 43. c5 axb3 44. cxd6 bxa2 45. Rxa2 Nxd5 46. Rd3 Nb4 47. Rh2
Nxd3 48. h8=Q Rxh8 49. Rxh8 exd6 50. Nb5 Ke6 51. Re8+ Kf7 52. Rh8 d5 53. Kf1 Ne5
54. Ke2 Kg7 55. Rb8 Nc6 56. Ra8 d4 57. Ra3 Ne5 58. Kf2 d3 59. Ra1 Kf7 60. Na3
Ke6 61. Rd1 Rd5 62. Ke3 b5 63. Nb1 Nc4+ 64. Kf2 b4 65. Ke1 Ke5 66. Nd2 Nxd2 67.
Kxd2 Kf4 68. Rb1 Rd4 69. Rf1 b3 70. Kc3 Rd6 71. Kd2 b2 {White resigns} 0-1 
aics%

[Event "Team 45 45 League T30"]
[Site "Internet Chess Club"]
[Date "2006.04.17"]
[Round "4"]
[White "tourettes"]
[Black "rss"]
[Result "0-1"]
[WhiteElo "1747"]
[BlackElo "1805"]
[TimeControl "2700+45"]

1. e3 d5 2. Nf3 c5 3. d4 cxd4 4. exd4 a6 5. Be2 Nf6 6. O-O Bg4 7. Nbd2 Nc6 8.
Nb3 e6 9. Bf4 Bd6 10. Bxd6 Qxd6 11. Re1 O-O 12. Nc5 b5 13. a4 b4 14. Bxa6 Bxf3
15. gxf3 Qf4 16. c3 bxc3 17. bxc3 e5 18. Bb7 Rac8 19. Bxc6 Rxc6 20. Nd3 Qg5+ 21.
Kh1 exd4 22. cxd4 Qh4 23. Ne5 Re6 24. Qd2 Nh5 25. Rg1 Qf6 26. Ra3 Qe7 27. f4
Qxa3 28. f5 Rxe5 29. Rg5 Qf3+ 30. Kg1 Rxf5 31. Rg2 Nf4 {White resigns} 0-1 
aics%

[Event "Team 45 45 League T30"]
[Site "Internet Chess Club"]
[Date "2006.04.16"]
[Round "4"]
[White "dondel"]
[Black "kingfischer57"]
[Result "0-1"]
[WhiteElo "1630"]
[BlackElo "1812"]
[TimeControl "2700+45"]

1. e4 e6 2. Nf3 d5 3. e5 c5 4. d4 Nc6 5. Bb5 Bd7 6. Bxc6 bxc6 7. O-O cxd4 8.
Qxd4 c5 9. Qd2 Ne7 10. Nc3 Nc6 11. a3 Be7 12. Ne2 Qc7 13. Qe3 O-O 14. c3 Na5 15.
Nd2 Bb5 16. Re1 Rab8 17. b4 Nc4 18. Nxc4 Bxc4 19. Ng3 a5 20. bxa5 Qxa5 21. Nh5
Rb3 22. Qg3 g6 23. Nf4 Qxc3 24. Qxc3 Rxc3 25. Bd2 Rc2 26. Ba5 Ra8 27. Bb6 Rb2
28. Reb1 Rxb1+ 29. Rxb1 Rxa3 30. g3 Rb3 31. Rxb3 Bxb3 32. Nd3 c4 33. Nc5 Bc2 34.
Kf1 Kf8 35. Ke2 Ke8 36. Kd2 Bb1 37. Kc3 Bd8 38. Ba7 Ba5+ 39. Kb2 Bf5 40. Na4 Kd7
41. Be3 Kc6 42. f3 h5 43. h4 Be1 44. Bf4 d4 45. Kc1 Kb5 46. Nb2 c3 47. Nd1 Kc4
48. Bg5 Bxg3 {White resigns} 0-1  aics%

[Event "Team 45 45 League T30"]
[Site "Internet Chess Club"]
[Date "2006.04.16"]
[Round "4"]
[White "crankn8tr"]
[Black "qs16"]
[Result "1/2-1/2"]
[WhiteElo "1637"]
[BlackElo "1686"]
[TimeControl "2700+45"]

1. e4 c5 2. Nf3 d6 3. d4 cxd4 4. Nxd4 Nf6 5. Nc3 a6 6. Be3 e5 7. Nb3 Be6 8. f3
Nbd7 9. g4 h6 10. Qd2 Rc8 11. O-O-O b5 12. h4 Be7 13. Be2 Nb6 14. g5 b4 15. Bxb6
bxc3 16. Qe3 Qd7 17. gxf6 Bxf6 18. Ba5 Qa4 19. Bxc3 Qxa2 20. Kd2 Qa4 21. Ra1 Qd7
22. Rxa6 O-O 23. Rg1 Kh7 24. Ke1 Bxh4+ 25. Kd1 Bg5 26. Rxg5 hxg5 27. Qxg5 Rfd8
28. Bd3 Qb7 29. Na5 Qd7 30. Qh4+ Kg8 31. Nc6 Re8 32. Bb5 Qb7 33. Na7 Rc5 34.
Bxe8 Qxa6 35. Qd8 Qf1+ 36. Kd2 {Game drawn by mutual agreement} 1/2-1/2  aics%

[Event "Team 45 45 League T30"]
[Site "Internet Chess Club"]
[Date "2006.04.15"]
[Round "4"]
[White "Sir-Knightly"]
[Black "Fredbob"]
[Result "1-0"]
[WhiteElo "2289"]
[BlackElo "2063"]
[TimeControl "2700+45"]

1. d4 Nf6 2. c4 c5 3. d5 b5 4. cxb5 a6 5. b6 e6 6. Nc3 Nxd5 7. Nxd5 exd5 8. Qxd5
Nc6 9. Nf3 Rb8 10. e4 Be7 11. Bc4 O-O 12. O-O Rxb6 13. Qh5 d6 14. Ng5 Bxg5 15.
Bxg5 Qe8 16. Bf4 Qxe4 17. Bxd6 Qxc4 18. Bxf8 Kxf8 19. b3 Qb4 20. Qxh7 Be6 21.
Qh8+ Ke7 22. Qxg7 Qf4 23. Qc3 Qd4 24. Qg3 Qe5 25. f4 Qf5 26. Rae1 Nd4 27. Qh4+
Qf6 28. Qf2 Kf8 29. Re5 Rb5 30. h3 a5 31. Rd1 Bd7 32. Rc1 Ne6 33. Qe3 Bc6 34. f5
Qg7 35. g4 Ng5 36. Rexc5 Nf3+ 37. Kf2 Ne5 38. Rxb5 Bxb5 39. Rc8+ Ke7 40. Rc5 Kf8
41. Qxe5 Qxe5 42. Rxe5 {Black resigns} 1-0  aics%

[Event "Team 45 45 League T30"]
[Site "Internet Chess Club"]
[Date "2006.04.15"]
[Round "4"]
[White "SaltofLife"]
[Black "narog"]
[Result "1-0"]
[WhiteElo "1934"]
[BlackElo "1900"]
[TimeControl "2700+45"]

1. e4 e5 2. Nf3 Nc6 3. Bb5 Bc5 4. c3 Nf6 5. O-O O-O 6. d4 Bb6 7. Bg5 d6 8. Qd3
Bd7 9. Nbd2 a6 10. Bxc6 Bxc6 11. dxe5 dxe5 12. Qxd8 Raxd8 13. Nxe5 Bb5 14. Nec4
h6 15. Bxf6 gxf6 16. a4 Bxc4 17. Nxc4 Ba7 18. Rfe1 Rfe8 19. Kf1 Kg7 20. f3 Kg6
21. Rad1 b5 22. axb5 axb5 23. Na3 c6 24. Nc2 Bc5 25. Nd4 Bxd4 26. Rxd4 Rxd4 27.
cxd4 Rd8 28. Rd1 f5 29. Ke2 fxe4 30. fxe4 Kf6 31. Ke3 Ke6 32. Rc1 Kd6 33. Rc5
Rg8 34. g3 Rg6 35. b4 Kd7 36. Rf5 Ke7 37. Re5+ Kd7 38. d5 cxd5 39. Rxd5+ Kc6 40.
Rc5+ Kb6 41. Rf5 f6 42. Kf4 Kc6 43. h4 Kb6 44. h5 Rg8 45. Rxf6+ Kc7 46. Rxh6
Rf8+ 47. Kg5 Rf1 48. Rf6 Rb1 49. h6 Rxb4 50. h7 Rxe4 51. h8=Q {Black resigns}
1-0  aics%

[Event "Team 45 45 League T30"]
[Site "Internet Chess Club"]
[Date "2006.04.17"]
[Round "4"]
[White "siddhu"]
[Black "JudokaUsa"]
[Result "1/2-1/2"]
[WhiteElo "1822"]
[BlackElo "1901"]
[TimeControl "2700+45"]

1. e4 e5 2. Nf3 Nc6 3. Bb5 a6 4. Ba4 Nf6 5. O-O Be7 6. Re1 b5 7. Bb3 d6 8. c3
O-O 9. h3 Na5 10. Bc2 c5 11. d4 Nd7 12. Nbd2 exd4 13. cxd4 Nc6 14. Nb3 Bb7 15.
a3 c4 16. Nbd2 Qb6 17. d5 Nce5 18. Nxe5 Nxe5 19. Nf3 Nd7 20. Be3 Qc7 21. Bd4 Bf6
22. Rc1 Rac8 23. Bb1 Bxd4 24. Qxd4 Qc5 25. Qxc5 Rxc5 26. Ba2 Rfc8 27. Nd2 c3 28.
bxc3 Rxc3 29. Nb3 Rc2 30. Rxc2 Rxc2 31. Rc1 Rxa2 32. Rc7 Nf8 33. Rxb7 Rxa3 34.
Nd4 g6 35. Nc6 Ra4 36. Nd8 Rxe4 37. Nxf7 Rd4 38. Nh6+ Kh8 39. Nf7+ Kg8 {Game
drawn by mutual agreement} 1/2-1/2  aics%